 Dungeon Crawl Stone Soup version 0.28.0-43-g3370ac3207 (webtiles) character file.

Game seed: 16558690704866573181

135 styxcanada the Sneak (level 4, -1/23 HPs)
             Began as a Spriggan Brigand on Mar 11, 2022.
             Killed from afar by a steam dragon (24 damage)
             ... with a ball of steam
             ... on level 3 of the Dungeon.
             The game lasted 00:13:28 (3109 turns).

styxcanada the Sneak (Spriggan Brigand)             Turns: 3109, Time: 00:13:29

Health: -1/23      AC:  3    Str:  7    XL:     4   Next: 96%
Magic:  6/6        EV: 18    Int: 12    God:
Gold:   82         SH:  0    Dex: 18    Spells: 3/5 levels left

rFire   . . .      SeeInvis +   a - +3 dagger
rCold   . . .      Faith    .   (no shield)
rNeg    . . .      Spirit   .   b - +0 robe
rPois   .          Reflect  .   (helmet restricted)
rElec   .          Harm     .   c - +0 cloak
rCorr   .          Rampage  .   (gloves unavailable)
Will    .....                   (boots unavailable)
Stlth   ++++......              (no amulet)
HPRegen 0.07/turn               (no ring)
MPRegen 0.10/turn               (no ring)

@: very quick
A: very small, no large weapons, unfitting armour, see invisible, speed 3
a: no special abilities


You were on level 3 of the Dungeon.
You visited 1 branch of the dungeon, and saw 3 of its levels.
You also visited: Sewer.

You collected 96 gold pieces.
You spent 14 gold pieces at shops.

Inventory:

Hand Weapons
 a - a +3 dagger (weapon)
Missiles
 d - 4 poisoned darts (quivered)
 e - 2 curare-tipped darts
 g - 36 stones
Armour
 b - a +0 robe (worn)
 c - a +0 cloak (worn)
Wands
 p - a wand of flame (16)
Scrolls
 n - a scroll of enchant weapon
Potions
 f - a potion of brilliance
 h - a potion of berserk rage
 j - 2 potions of haste
 k - 2 potions of curing
 l - 3 potions of heal wounds {unknown}
 m - a potion of mutation {unknown}
 o - 2 potions of lignification {unknown}
 q - a potion of flight {unknown}


   Skills:
 * Level 2.3 Fighting
 + Level 2.5 Short Blades
 + Level 2.2 Throwing
 * Level 3.0 Dodging
 * Level 7.1 Stealth
 * Level 1.2 Spellcasting
 * Level 0.9 Air Magic
 * Level 0.1 Poison Magic
 * Level 1.0 Evocations


You had 3 spell levels left.
You knew the following spells:

 Your Spells              Type           Power      Damage    Failure   Level
a - Poisonous Vapours     Pois/Air       4%         N/A       34%         2

Your spell library contained the following spells:

 Spells                   Type           Power      Damage    Failure   Level
 Pain                     Necr           0%         1d4       30%         1
 Corpse Rot               Necr/Air       2%         N/A       36%         2


Dungeon Overview and Level Annotations

Branches:
Dungeon (3/15)              Sewer (visited)

Altars:
Wu Jian

Shops:
D:1 !(==


Innate Abilities, Weirdness & Mutations

You are very small and have problems with some larger weapons.
You are too small for most types of armour.
You have supernaturally acute eyesight. (SInv)
You cover ground extremely quickly. (Speed+++)


Message History

You barely miss the white imp.
The white imp is severely wounded.
The white imp gestures at you. The puff of frost misses you.
You hit the white imp.
You kill the white imp!
Your Spellcasting skill increases to level 1!
You hit the rat.
You kill the rat!
You start resting.
HP restored.
Found a stone staircase leading down.
Found a potion of curing.
Found a ring mail and a leather armour.
Found a stone staircase leading down.
k - 2 potions of curing (gained 1)
Casting: Poisonous Vapours (quite dangerous; 34% risk of failure)
Confirm with . or Enter, or press ? or * to list all spells.
Okay, then.
o - 2 metallic purple potions (gained 1)
A steam dragon comes into view.
Found an escape hatch in the floor.
The steam dragon hisses angrily.
Found 17 stones and a scroll of teleportation.
Found a stone staircase leading up.
Throw: 6 darts (poison)
Press: ? - help, Q - select action, (/) - cycle Shift-Dir - straight line, f - steam dragon
Aim: a steam dragon (63% to hit)
You throw a poisoned dart.
The poisoned dart barely misses the steam dragon.
Unknown command.
Throw: 5 darts (poison)
Press: ? - help, Q - select action, (/) - cycle Shift-Dir - straight line, f/p - steam dragon
Aim: a steam dragon (63% to hit)
You throw a poisoned dart.
The poisoned dart barely misses the steam dragon.
The steam dragon breathes steam at you. The ball of steam hits you!!
Ouch! That really hurt!
You die...

###.. # ... ###.#
##.#.#######. ###
####............ ####..
#............# #
......#####...###.####.# #
...........#.##..####.####
#.......@................
.###.#.##§.............####
........§.######.......# #
.##.#..##.............####
#D....###########.....
...##..# ########.....
..(.. .... .....[.......
#.#.## ....>######...... #
.. ..>..............


There were no monsters in sight!

Vanquished Creatures
  A river rat (Sewer)
  7 adders
  A white imp (D:3)
  A worm (D:2)
  2 dart slugs
  2 bats (D:1)
  3 endoplasms (D:1)
  2 giant cockroaches
  7 goblins
  4 hobgoblins
  4 kobolds
  A quokka (D:1)
  5 ball pythons
  5 frilled lizards (Sewer)
  9 rats
54 creatures vanquished.

Notes
Turn   | Place    | Note
-------+----------+-------------------------------------------
     0 | D:1      | styxcanada the Spriggan Brigand began the quest for the
                  | Orb.
     0 | D:1      | Reached XP level 1. HP: 10/10 MP: 2/2
    31 | D:1      | Reached skill level 6 in Stealth
   223 | D:1      | Reached XP level 2. HP: 15/15 MP: 3/3
   313 | D:1      | Found Zigut's Jewellery Shoppe.
   689 | D:1      | Found Loikitt's Jewellery Shop.
   863 | D:1      | Found Piyloqam's Distillery.
   866 | D:1      | Bought a potion of degeneration for 14 gold pieces
   932 | D:1      | Reached XP level 3. HP: 18/18 MP: 4/4
   963 | D:1      | Learned a level 2 spell: Poisonous Vapours
  1105 | D:2      | Found a faded altar of an unknown god.
  1111 | D:2      | Got Plato's Reference Book on Stolen Souls
  1122 | D:2      | Found an ornate altar of the Wu Jian Council.
  1814 | D:3      | Found a glowing drain.
  1816 | D:3      | Reached skill level 7 in Stealth
  1828 | Sewer    | Entered a sewer
  2045 | Sewer    | Reached XP level 4. HP: 3/23 MP: 4/6
  2688 | Sewer    | Reached skill level 1 in Evocations
  2909 | D:3      | HP: 1/23 [white imp/puff of frost (9)]
  2917 | D:3      | Reached skill level 1 in Spellcasting
  3102 | D:3      | Noticed a steam dragon
  3109 | D:3      | Killed from afar by a steam dragon

Illustrated notes

Levels and vault maps discovered:
D:1:      dpeg_arrival_tiny_a, layout_loops_ring, serial_shops, shop_fountains,
          shop, shop, nicolae_shop_trees
D:2:      layout_basic, shapermc_ecumenical_altar_rom_forum, basic_altar
D:3:      layout_rooms, mainiacjoe_overflow_small_starburst,
          amethyst_overflow_temple_binary, portal_sewer_entry_a,
          minmay_misc_feat_rows

Skill      XL: |  1  2  3  4 |
---------------+-------------+-----
Stealth        | 6 7 |  7.1
Dodging        | 2 3 |  3.0
Fighting       | 2 |  2.3
Evocations     | 1 |  1.0
Spellcasting   | 1 |  1.2
Short Blades   | |  2.5
Throwing       | |  2.2
Air Magic      | |  0.9
Poison Magic   | |  0.1

Action                   |  1- 3 |  4- 6 || total
-------------------------+-------+-------++-------
Melee: Dagger            |   102 |    38 ||   140
       Punch             |     1 |       ||     1
Throw: Dart              |    21 |     7 ||    28
Evoke: Wand              |       |     2 ||     2
  Use: Scroll            |     5 |     4 ||     9
       Potion            |       |     1 ||     1
 Stab: Sleeping          |    19 |     2 ||    21
Armor: Robe              |    13 |     3 ||    16
Dodge: Dodged            |    55 |    25 ||    80
